 Dungeon Crawl Stone Soup version 0.32-a0-834-geaf45d8e21 (webtiles) character file.

Game seed: 13317066990383997442

314 Shayle the Trooper (level 6, 0/72 HPs)
             Began as a Coglin Alchemist on Mar 25, 2024.
             Slain by an orc
             ... wielding a +0 club
              (1 damage)
             ... on level 4 of the Dungeon.
             The game lasted 00:13:01 (3446 turns).

Shayle the Trooper (Coglin Alchemist)               Turns: 3446, Time: 00:13:01

Health: 0/72       AC: 23    Str:  9    XL:     6   Next: 43%
Magic:  3/8        EV:  2    Int: 14    God:
Gold:   129        SH:  0    Dex: 16    Spells: 4/8 levels left

rFire   . . .        c - +0 falchion {Suphaphon}
rCold   . . .        r - +0 rapier {Kiko}
rNeg    . . .        a - melded +1 robe
rPois   +            (helmet currently unavailable)
rElec   .            (cloak currently unavailable)
rCorr   .            (gloves currently unavailable)
SInv    .            (boots currently unavailable)
Will    .....        (no amulet)
Stlth   ++           (no ring)
HPRegen 0.32/turn    (no ring)
MPRegen 0.11/turn    (no gizmo)

%: no passive effects
@: mighty, tree-form, very slightly contaminated, revving
A: stationary, stasis, torment immunity, boosted hp, off-hand wielding, slow
wielding, warmup strikes, (no jewellery)
a: Invent Gizmo


You were on level 4 of the Dungeon.
You were a tree.
You visited 1 branch of the dungeon, and saw 4 of its levels.

You collected 162 gold pieces.
You spent 33 gold pieces at shops.

Inventory:

Hand Weapons
 c - a +0 falchion (weapon) {Suphaphon}
 f - a +0 dagger {Eunkyung}
 i - a +1 dagger of holy wrath
 r - a +0 rapier (offhand) {Kiko}
Missiles
 d - a throwing net
Armour
 a - a +1 robe (melded)
 g - a +0 helmet
Potions
 b - a potion of magic
 h - a potion of mutation {unknown}
 k - a potion of cancellation {unknown}
 q - a potion of degeneration {unknown}


   Skills:
 + Level 4.2 Fighting
 + Level 3.8 Ranged Weapons
 - Level 1.7 Dodging
 - Level 1.5 Stealth
 - Level 1.7 Spellcasting
 - Level 0.8 Conjurations
 - Level 3.2 Alchemy


You had 4 spell levels left.
You knew the following spells:

 Your Spells              Type           Power      Damage    Failure   Level
a - Sting                 Conj/Alch      28%        1d4       11%         1
b - Mephitic Cloud        Conj/Alch/Air  5%         N/A       38%         3

Your spell library contained the following spells:

 Spells                   Type           Power      Damage    Failure   Level
 Mercury Vapours          Alch/Air       10%        N/A       19%         2
 Stone Arrow              Conj/Erth      4%         3d7       52%         3
 Olgreb's Toxic Radiance  Alch           10%        N/A       54%         4
 Sticky Flame             Fire/Alch      5%         2d4       77%         4
 Animate Armour           Summ/Erth      2%         N/A       94%         4
 Lehudib's Crystal Spear  Conj/Erth      1%         10d2      100%        8


Dungeon Overview and Level Annotations

Branches:
Dungeon (4/15)
 Temple: D:4-7

Altars:
Xom

Shops:
D:2 *   D:3 [


Innate Abilities, Weirdness & Mutations

You are a tree.
Your roots penetrate the ground, keeping you stationary.
You cannot be teleported.
You are immune to unholy pain and torment.
Your maximum health is greatly increased.
Your equipment is partially melded.
You can wield a second weapon in your off-hand.
It takes a long time for you to wield or remove held weapons.
Your first few attacks do less damage.
((You cannot equip rings or amulets.))


Message History

The orc barely misses you. The orc misses you.
Unknown command.
You barely miss the orc with your +0 rapier.
The orc is severely wounded.
You hit the orc but do no damage. Something hits you.
The orc hits you with a +0 club. The orc hits you with a +0 whip.
* * * LOW HITPOINT WARNING * * *
Unknown command.
You feel better. Something hits you. The orc misses you.
The orc hits you with a +0 whip.
* * * LOW HITPOINT WARNING * * *
Unknown command.
Casting: Sting (safe; 11% risk of failure)
Confirm with . or Enter, or press ? or * to list all spells.
Aiming: Sting (safe; 11% risk of failure)
Press: ? - help, Shift-Dir - straight line You miscast Sting.
You are very lightly contaminated with residual magic.
Nothing appears to happen.
Something hits you.
* * * LOW HITPOINT WARNING * * *
The orc hits you with a +0 club.
* * * LOW HITPOINT WARNING * * *
The orc hits you with a +0 whip.
* * * LOW HITPOINT WARNING * * *
You feel better. Something hits you.
* * * LOW HITPOINT WARNING * * *
The orc hits you with a +0 club.
* * * LOW HITPOINT WARNING * * *
The orc closely misses you.
You turn into a tree.
Your +1 robe melds into your body.
Your roots penetrate the ground.
You hear some strange, mumbled words.
A magic dart appears from out of thin air!
The magic dart hits you!
* * * LOW HITPOINT WARNING * * *
The orc hits you but does no damage. The orc barely misses you.
It was a potion of might.
You feel very mighty all of a sudden. Something hits you but does no damage.
The orc hits you with a +0 club.
You die...

#########
##.......###
#..........#
##....o{o..#
##....♣#..#
#######.##
###....## #
###K..###.### ##
#..o### ##..##
.##
#...#..ooo###..##
..### ##...#
....o.# ##..##
....##...#
.......# ##..##
.......#
#.......# ##..##


You could see 2 orcs.

Vanquished Creatures
  A scorpion (D:4)
  A hound (D:3)
  Robin (D:4)
  4 gnolls
  9 adders
  A ribbon worm (D:3)
  3 dart slugs
  6 orcs (D:4)
  7 bats
  2 endoplasms (D:1)
  A giant cockroach (D:1)
  16 goblins
  6 hobgoblins
  4 kobolds
  2 quokkas (D:1)
  6 ball pythons
  4 frilled lizards
  3 rats
77 creatures vanquished.

Notes
Turn   | Place    | Note
-------+----------+-------------------------------------------
     0 | D:1      | Shayle the Coglin Alchemist began the quest for the Orb.
     0 | D:1      | Reached XP level 1. HP: 13/13 MP: 3/3
   224 | D:1      | Reached skill level 1 in Fighting
   224 | D:1      | Reached XP level 2. HP: 21/21 MP: 1/4
   233 | D:1      | Reached skill level 1 in Ranged Weapons
   602 | D:1      | Reached XP level 3. HP: 26/26 MP: 3/5
  1053 | D:1      | Found a faded altar of an unknown god.
  1200 | D:2      | Reached skill level 2 in Fighting
  1230 | D:2      | Found Winab's General Store.
  1245 | D:2      | Bought a potion of curing for 33 gold pieces
  1293 | D:2      | Found a shimmering altar of Xom.
  1392 | D:2      | Reached XP level 4. HP: 30/33 MP: 1/6
  2063 | D:3      | Reached skill level 3 in Fighting
  2063 | D:3      | Reached XP level 5. HP: 26/41 MP: 3/7
  2124 | D:3      | Learned a level 3 spell: Mephitic Cloud
  2508 | D:3      | Found Reuxt's Antique Armour Shop.
  3138 | D:4      | Reached skill level 4 in Fighting
  3138 | D:4      | Reached XP level 6. HP: 42/48 MP: 4/8
  3253 | D:4      | Noticed Robin
  3294 | D:4      | Killed Robin
  3445 | D:4      | HP: 1/72 [something/magic dart (8)]
  3446 | D:4      | Slain by an orc

Illustrated notes

Levels and vault maps discovered:
D:1:      dpeg_arrival_refuge, layout_basic, ebering_ecumenical_altar_webs,
          chequers_avenue
D:2:      layout_rooms, serial_shops, nicolae_shop_statue_plus, basic_altar
D:3:      layout_basic, serial_shops, shop, st_stairs_4,
          minmay_misc_feat_more_columns, fountainhead,
          small_statue_intersection, minmay_misc_feat_nine_boxes
D:4:      layout_cave_pods, nicolae_zig_zag_zippers, uniq_robin, uniq_ijyb

Skill      XL: |  1  2  3  4  5 |
---------------+----------------+-----
Fighting       | 1 2 3 4 |  4.2
Ranged Weapons | 1 2 3 |  3.8
Dodging        | |  1.7
Stealth        | |  1.5
Spellcasting   | |  1.7
Conjurations   | |  0.8
Alchemy        | |  3.2

Action                     |  1- 3 |  4- 6 || total
---------------------------+-------+-------++-------
  Melee: Unarmed           |     7 |       ||     7
         Falchion          |    42 |    61 ||   103
         Dagger            |    12 |     9 ||    21
         Rapier            |       |    58 ||    58
   Cast: Sting             |    47 |    71 ||   118
    Use: Scroll            |       |    11 ||    11
         Potion            |       |     6 ||     6
 Armour: Robe              |    52 |    83 ||   135
         Skin              |       |    11 ||    11
  Dodge: Dodged            |    52 |    79 ||   131

Table legend: (Time is in decaauts)
 A = Elapsed time spent in this place.
 B = Non-inter-level travel time spent in this place.
 C = Inter-level travel time spent in this place.
 D = Time resting spent in this place.
 E = Time spent auto-exploring this place.
 F = Levels seen in this place.
 G = Mean time per level.
                   A        B        C        D        E       F      G
               +--------+--------+--------+--------+--------+-----+--------+
         Total |   3484 |   3422 |     62 |    586 |   2056 |   4 |  871.0 |
       Dungeon |   3484 |   3422 |     62 |    586 |   2056 |   4 |  871.0 |
               +--------+--------+--------+--------+--------+-----+--------+

Top non-repeatable levels by time:
     D:1: 1179 daAuts
     D:3: 1071 daAuts
     D:4: 713 daAuts
     D:2: 520 daAuts
